 Dungeon Crawl Stone Soup version 0.25-a0-942-g87a53962fc (webtiles) character file.

Game seed: 8830068148685825375, levelgen mode: deterministic

557 Aumann the Cutter (level 7, -1/45 HPs)
             Began as a Halfling Fighter on May 6, 2020.
             Slain by an ogre
             ... wielding a +0 giant club
              (20 damage)
             ... on level 5 of the Dungeon on May 7, 2020.
             The game lasted 00:17:04 (5151 turns).

Aumann the Cutter (Halfling Fighter)                Turns: 5151, Time: 00:17:05

Health: -1/45      AC: 11    Str: 19    XL:     7   Next: 56%
Magic:  7/7        EV:  9    Int:  6    God:
Gold:   201        SH: 10    Dex: 14    Spells: 6/6 levels left

rFire    . . .     SeeInvis .   a - +0 rapier
rCold    . . .     Gourm    .   c - +0 kite shield
rNeg     . . .     Faith    .   b - +0 scale mail
rPois    .         Spirit   .   n - +2 helmet
rElec    .         Reflect  .   r - +0 cloak
rCorr    .         Harm     .   (no gloves)
MR       .....                  (no boots)
Stlth    ..........             (no amulet)
HPRegen  0.15/turn              (no ring)
MPRegen  0.10/turn              (no ring)

@: no status effects
A: small, mutation resistance 1
a: no special abilities


You were on level 5 of the Dungeon.
You were not hungry.

You visited 1 branch of the dungeon, and saw 5 of its levels.

You collected 201 gold pieces.

Inventory:

Hand Weapons
 a - a +0 rapier (weapon)
 h - a +0 lajatang
 m - a +2 dagger of venom
 o - a +2 quarterstaff of chaos
 x - a +2 spear of venom
 z - a +0 short sword of venom
 A - a +4 dagger
Missiles
 t - 97 stones (quivered)
 v - 13 arrows
Armour
 b - a +0 scale mail (worn)
 c - a +0 kite shield (worn)
 n - a +2 helmet (worn)
 r - a +0 cloak (worn)
 s - a +1 hat
Wands
 l - a wand of clouds (4)
Scrolls
 k - a scroll of magic mapping {unknown}
 p - a scroll of amnesia
 q - 4 scrolls of remove curse
 y - a scroll of identify
Potions
 d - a potion of might
 e - a potion of mutation
 g - a potion of magic {unknown}
 i - a potion of flight {unknown}
 j - a potion of invisibility {unknown}
 u - a potion of curing
 w - a potion of brilliance {unknown}
Comestibles
 f - 7 rations
 B - 4 chunks of flesh


   Skills:
 - Level 2.6 Fighting
 * Level 7.9 Short Blades
 * Level 4.3 Armour
 - Level 0.3 Dodging
 - Level 0.1 Stealth
 * Level 4.7 Shields


You had 6 spell levels left.
You didn't know any spells.
Your spell library was empty.

Dungeon Overview and Level Annotations

Branches:
Dungeon (5/15)
 Temple: D:4-7

Altars:
Okawaru
Uskayaw
Wu Jian
The Shining One


Innate Abilities, Weirdness & Mutations

You are small and have problems with some larger weapons.
You are somewhat resistant to further mutation.


Message History

You closely miss the ogre.
The ogre is lightly wounded.
You block the ogre's attack.
You hit the ogre.
The ogre is moderately wounded.
You block the ogre's attack.
Your shield and scale mail prevent you from hitting the ogre.
The ogre is moderately wounded.
You hit the ogre.
The ogre is heavily wounded.
The ogre hits you with a +0 giant club!
You hit the ogre.
The ogre is severely wounded.
You block the ogre's attack.
Your shield prevents you from hitting the ogre.
The ogre is severely wounded.
You hit the ogre but do no damage.
The ogre is severely wounded.
The ogre hits you with a +0 giant club!!
You die...

[#....^##.#
##...%...#.#
#..........#.
+...........
#.........#
#.......# #..O..#
#.@.# ##'##
#######.#########
.......[<........
######....###.##.
##....#
####.....###.#
#.............
....###........#


You could see an ogre.

Vanquished Creatures
  2 hounds (D:4)
  4 orc wizards
  Crazy Yiuf (D:2)
  3 orc priests
  Natasha (twice) (D:2)
  Robin (D:2)
  3 adders
  7 gnolls (D:4)
  3 worms
  A dart slug (D:2)
  11 orcs
  4 giant cockroaches
  14 goblins
  12 hobgoblins
  4 jackals (D:1)
  3 quokkas
  A ball python (D:2)
  6 bats
  3 frilled lizards (D:3)
  A jackal skeleton (D:4)
  7 kobolds
  4 rats
97 creatures vanquished.

Notes
Turn   | Place    | Note
-------+----------+-------------------------------------------
     0 | D:1      | Aumann the Halfling Fighter began the quest for the Orb.
     0 | D:1      | Reached XP level 1. HP: 15/15 MP: 1/1
   290 | D:1      | Reached skill level 3 in Short Blades
   300 | D:1      | Reached XP level 2. HP: 18/20 MP: 2/2
   693 | D:1      | Reached XP level 3. HP: 19/25 MP: 3/3
  1015 | D:2      | Reached skill level 4 in Short Blades
  1381 | D:2      | Reached XP level 4. HP: 30/30 MP: 4/4
  1411 | D:2      | Reached skill level 5 in Short Blades
  1785 | D:2      | Noticed Robin
  1807 | D:2      | Killed Robin
  1962 | D:2      | Reached XP level 5. HP: 35/35 MP: 5/5
  2015 | D:2      | Noticed Natasha
  2031 | D:2      | Killed Natasha
  2081 | D:2      | Found a glowing golden altar of the Shining One.
  2081 | D:2      | Found a hide-covered altar of Uskayaw.
  2152 | D:2      | Found a runed translucent door.
  2153 | D:2      | Noticed Crazy Yiuf
  2198 | D:2      | Paralysed by Crazy Yiuf for 3 turns
  2204 | D:2      | Killed Crazy Yiuf
  2204 | D:2      | Reached skill level 6 in Short Blades
  2429 | D:2      | Noticed Natasha
  2435 | D:2      | Killed Natasha
  2834 | D:3      | Reached XP level 6. HP: 38/41 MP: 6/6
  3014 | D:3      | Reached skill level 7 in Short Blades
  3347 | D:3      | Found an iron altar of Okawaru.
  4093 | D:4      | Reached XP level 7. HP: 39/45 MP: 7/7
  4882 | D:4      | Found an ornate altar of the Wu Jian Council.
  5076 | D:5      | Entered Level 5 of the Dungeon
  5151 | D:5      | Slain by an ogre

Levels and vault maps discovered:
D:1:      nzn_arrival_settlement, layout_loops_ring
D:2:      layout_basic, gammafunk_temple_overflow_wave, uniq_crazy_yiuf_cottage,
          uniq_robin, uniq_natasha
D:3:      layout_basic, okawaru_trees_2
D:4:      layout_layer_cave, marbit_many_paths
D:5:      layout_loops_corners, fiery_altar_vehumet, first_ration

Skill      XL: |  1  2  3  4  5  6  7 |
---------------+----------------------+-----
Short Blades   | 3 4 5 6 7 |  7.9
Shields        | 4 |  4.7
Armour         | 4 |  4.3
Fighting       | |  2.6
Dodging        | |  0.3
Stealth        | |  0.1

Action                   |  1- 3 |  4- 6 |  7- 9 || total
-------------------------+-------+-------+-------++-------
Melee: Rapier            |   124 |   228 |    73 ||   425
  Use: Scroll            |       |     5 |       ||     5
  Eat: Chunk             |     1 |     9 |     4 ||    14
Armor: Scale mail        |    55 |    56 |    31 ||   142
Dodge: Dodged            |    40 |    74 |    21 ||   135
Block: Kite shield       |    84 |    99 |    42 ||   225

Table legend:
 A = Non-vault XP
 B = Vault XP
 C = Vault XP percentage of total XP
 D = Non-vault monster count
 E = Vault monster count
 F = Vault count percentage of total count
                 A         B        C        D         E       F
            +---------+---------+-------+---------+---------+-------
      Total |     681 |     115 |  14.4 |      82 |      15 |  15.5
            +---------+---------+-------+---------+---------+-------
        D:1 |      43 |       0 |   0.0 |      17 |       0 |   0.0
        D:2 |     108 |     113 |  51.1 |      23 |      14 |  37.8
        D:3 |     124 |       0 |   0.0 |      21 |       0 |   0.0
        D:4 |     360 |       2 |   0.6 |      18 |       1 |   5.3
        D:5 |      46 |       0 |   0.0 |       3 |       0 |   0.0
            +---------+---------+-------+---------+---------+-------
